 Dungeon Crawl Stone Soup version 0.20-a0-864-g92acfd1 (webtiles) character file.

748 JeffiDaFish the Digger (level 7, -13/44 HPs)
             Began as a Gargoyle Earth Elementalist on Mar 13, 2017.
             Engulfed by a cloud of freezing vapour (23 damage)
             ... on level 5 of the Dungeon.
             The game lasted 00:27:42 (5926 turns).

JeffiDaFish the Digger (GrEE)                       Turns: 5926, Time: 00:27:43

Health: -13/44     AC: 12    Str: 10 (11) XL:     7   Next: 77%
Magic:  7/13       EV: 17    Int: 16      God:
Gold:   192        SH:  4    Dex: 12      Spells: 1/14 levels left

rFire    + . .     SeeInvis .   i - +0 mace
rCold    . . .     Gourm    .   w - +2 robe {rF+}
rNeg     + . .     Faith    .   (no shield)
rPois    ∞         Spirit   .   c - +0 helmet
rElec    +         Reflect  .   (no cloak)
rCorr    .         Harm     .   u - +1 pair of gloves
MR       .....     Clarity  +   (no boots)
Stlth    ++........             (no amulet)
Regen    0.2/turn               r - +5 ring of evasion
MPRegen  0.2/turn               j - ring of wizardry

@: no status effects
A: large bone plates 1, clarity, negative energy resistance 1, robust 1,
electricity resistance, unbreathing, petrification resistance, rot immunity, AC
+4
a: no special abilities


You were on level 5 of the Dungeon.
You were hungry.

You visited 1 branch of the dungeon, and saw 5 of its levels.

You collected 192 gold pieces.

Inventory:

Hand Weapons
 i - a +0 mace (weapon)
Missiles
 b - 114 stones (quivered)
Armour
 c - a +0 helmet (worn)
 u - a +1 pair of gloves (worn)
 w - a +2 robe of fire resistance (worn)
Jewellery
 j - a ring of wizardry (left hand)
 m - an uncursed ring of see invisible
 r - a +5 ring of evasion (right hand)
Scrolls
 a - a scroll of fog
 l - a scroll of fear
 o - a scroll of teleportation
 q - a scroll of magic mapping
Potions
 g - 2 potions of might
 h - 2 potions of flight
Books
 e - a book of Geomancy

   Spells                             Type                      Level
   a - Sandblast                      Earth                        1
   b - Passwall                       Transmutation/Earth          2
   c - Stone Arrow                    Conjuration/Earth            3
   d - Petrify                        Transmutation/Earth          4
   e - Lee's Rapid Deconstruction     Earth                        5
Comestibles
 d - 4 bread rations
 f - 5 fruits
 n - 2 royal jellies
 p - 2 meat rations


   Skills:
 + Level 2.1 Fighting
 + Level 2.6 Maces & Flails
 + Level 2.3 Armour
 - Level 1.7 Dodging
 - Level 2.2 Stealth
 * Level 4.4 Spellcasting
 + Level 2.9 Conjurations
 + Level 1.2 Transmutations
 * Level 6.1 Earth Magic


You had one spell level left.
You knew the following spells:

 Your Spells              Type           Power        Failure   Level  Hunger
a - Sandblast             Erth           ###...       1%          1    None
b - Stone Arrow           Conj/Erth      ###...       4%          3    ###....
c - Lee's Rapid Deconstr  Erth           ###.......   16%         5    ######.
d - Petrify               Tmut/Erth      ###.....     16%         4    ####...


Dungeon Overview and Level Annotations

Branches:
Dungeon (5/15)
 Temple: D:4-7

Altars:
Elyvilon
Makhleb
Okawaru
Qazlal
Ru
Uskayaw
Wu Jian
Zin


Innate Abilities, Weirdness & Mutations

You are resistant to torment.
Your stone body is resilient. (AC +4)
You are immune to poison.
You resist negative energy. (rN+)
You are resistant to electric shocks. (rElec)
You can survive without breathing.
You are immune to petrification.
You are immune to rotting.
You are partially covered in large bone plates. (SH +4)
You possess an exceptional clarity of mind.
You are robust. (+10% HP)


Message History

You now have 192 gold pieces (gained 18).
Found a lajatang.
Found 25 arrows and a spear of distortion.
The gnoll sergeant shouts!
Found a ring mail.
Found a chain mail.
You open the door.
Found 6 gold pieces.
Really walk into a travel-excluded area?
The crimson imp shouts!
The crimson imp shouts, "Scamper away, thou hateful tardy-gaited snake-molt!"
There is an open door here.
The crimson imp disappears for a moment.
The frilled lizard hisses angrily.
You are engulfed in freezing vapours.
You are engulfed in freezing vapours.
* * * LOW HITPOINT WARNING * * *
You are engulfed in freezing vapours.
Ouch! That really hurt!
You die...

#####..............#
........#.###.._....##.#
#########..............#
#.....###.......##
#.........####..###
#.....##### #....#
....############.##.#
################8g8#.#
#..§.§§§§§§§@§§§§§..#5#
#.###################.#
#....§§§§§§§§§§§$($)#..[..
################g..##
#######..........#...
...#.....#......l...#####
#...............#..##
#>................##
#................#


You could see a gnoll sergeant and a frilled lizard.

Vanquished Creatures
  Grinder (D:5)
  Blork the orc (D:4)
  A scorpion (D:4)
  An orc priest (D:4)
  A centaur skeleton (D:4)
  2 orc wizards (D:3)
  2 iguanas
  A worker ant (D:4)
  Robin (D:3)
  2 gnolls (D:5)
  8 adders
  A shadow imp (D:5)
  An ooze (D:1)
  2 worms
  A dart slug (D:2)
  2 leopard geckos (D:2)
  10 orcs
  7 bats
  5 giant cockroaches
  14 goblins
  16 hobgoblins
  9 jackals
  8 kobolds
  10 frilled lizards
  10 rats
117 creatures vanquished.

Vanquished Creatures (others)
  A quokka (D:4)
  A quokka skeleton (D:4)
2 creatures vanquished.

Grand Total: 119 creatures vanquished

Notes
Turn   | Place    | Note
-------+----------+-------------------------------------------
     0 | D:1      | JeffiDaFish the Gargoyle Earth Elementalist began the quest for the Orb.
     0 | D:1      | Reached XP level 1. HP: 10/10 MP: 3/3
   211 | D:1      | Reached skill level 4 in Earth Magic
   211 | D:1      | Reached XP level 2. HP: 10/15 MP: 1/5
   763 | D:1      | Reached XP level 3. HP: 15/19 MP: 3/6
   804 | D:1      | Learned a level 3 spell: Stone Arrow
   996 | D:2      | Found an iron altar of Okawaru.
  1085 | D:2      | Found a hide-covered altar of Uskayaw.
  1277 | D:2      | Found a stormy altar of Qazlal.
  1461 | D:2      | Reached skill level 1 in Maces & Flails
  1487 | D:2      | Reached XP level 4. HP: 24/24 MP: 0/8
  1808 | D:2      | Gained mutation: You are robust. (+10% HP) [potion of mutation]
  1808 | D:2      | Gained mutation: You possess an exceptional clarity of mind. [potion of mutation]
  1808 | D:2      | Gained mutation: You are partially covered in large bone plates. (SH +4) [potion of mutation]
  1847 | D:2      | Reached skill level 1 in Conjurations
  2063 | D:2      | Reached XP level 5. HP: 26/30 MP: 2/9
  2301 | D:3      | Learned a level 5 spell: Lee's Rapid Deconstruction
  2662 | D:3      | Noticed Robin
  3192 | D:3      | Reached skill level 1 in Armour
  3282 | D:3      | Killed Robin
  3282 | D:3      | Reached skill level 5 in Earth Magic
  3374 | D:3      | Found a sacrificial altar of Ru.
  3747 | D:3      | Reached skill level 1 in Fighting
  3769 | D:3      | Reached XP level 6. HP: 16/37 MP: 0/11
  3956 | D:4      | Found a white marble altar of Elyvilon.
  4028 | D:4      | Noticed Blork the orc
  4239 | D:4      | Found an ornate altar of the Wu Jian Council.
  4701 | D:4      | Killed Blork the orc
  4998 | D:4      | Reached XP level 7. HP: 17/42 MP: 8/13
  5041 | D:4      | Learned a level 4 spell: Petrify
  5381 | D:5      | Entered Level 5 of the Dungeon
  5439 | D:5      | Found a glowing silver altar of Zin.
  5439 | D:5      | Found a burning altar of Makhleb.
  5440 | D:5      | Noticed a balrug
  5440 | D:5      | Noticed an angel
  5829 | D:5      | Found a sacrificial altar of Ru.
  5833 | D:5      | Noticed Grinder
  5852 | D:5      | Reached skill level 1 in Transmutations
  5884 | D:5      | Killed Grinder
  5884 | D:5      | Reached skill level 6 in Earth Magic
  5926 | D:5      | Engulfed by a cloud of freezing vapour

Vault maps used:
D:1:      ncdulo_watergridlock
D:2:      kennysheep_six_static_rooms, okawaru_trees_2,
          eat_drink_and_be_merry_uskayaw, grunt_qazlal_clouds
D:3:      nicolae_ru_path_of_blood, serial_bayou_pond_c,
          minmay_misc_feat_pillars, serial_bayou_ford_a, uniq_robin
D:4:      lemuel_crystal_altar, elyvilon_altar_4, serial_bayou_pond_e,
          uniq_blork_the_orc
D:5:      lemuel_ice_spiral_2, grunt_temple_overflow_order_and_chaos_2,
          marbit_many_paths, minmay_temple_entry_fiery, basic_altar,
          first_bread, uniq_grinder

Skill      XL: |  1  2  3  4  5  6  7 |
---------------+----------------------+-----
Earth Magic    | 4 5 6 |  6.1
Maces & Flails | 1 2 |  2.6
Conjurations   | 1 2 |  2.9
Spellcasting   | 3 4 |  4.4
Armour         | 1 2 |  2.3
Fighting       | 1 2 |  2.1
Transmutations | 1 |  1.2
Dodging        | |  1.7
Stealth        | |  2.2

Action                   |  1- 3 |  4- 6 |  7- 9 || total
-------------------------+-------+-------+-------++-------
Melee: Unarmed           |    30 |       |       ||    30
       Mace              |    65 |   262 |    53 ||   380
 Cast: Sandblast         |    14 |    12 |     3 ||    29
       Stone Arrow       |     4 |    23 |    11 ||    38
       Petrify           |       |       |     1 ||     1
  Use: Scroll            |     5 |     8 |     1 ||    14
       Potion            |     3 |     6 |       ||     9
 Stab: Sleeping          |     2 |     4 |     1 ||     7
       Petrified         |       |       |     7 ||     7
  Eat: Chunk             |     2 |    14 |     4 ||    20
Armor: Robe              |    18 |     3 |    26 ||    47
       Leather armour    |    23 |   106 |       ||   129
Dodge: Dodged            |    77 |   158 |    49 ||   284
Block: Other             |       |    45 |    12 ||    57
